 Dungeon Crawl Stone Soup version 0.29.0-4-gdea44cf6ec (webtiles) character file.

Game seed: 11586481119589416506

101 qw the Chopper (level 4, -15/26 HPs)
             Began as a Tengu Warper on Aug 28, 2022.
             Demolished by an ogre
             ... wielding a +0 giant club
              (24 damage)
             ... on level 4 of the Dungeon.
             The game lasted 00:00:19 (3458 turns).

qw the Chopper (Tengu Warper)                       Turns: 3458, Time: 00:00:19

Health: -15/26     AC: 11    Str: 13    XL:     4   Next: 75%
Magic:  0/8        EV:  3    Int: 13    God:
Gold:   127        SH:  0    Dex: 14    Spells: 7/7 levels left

rFire   . . .      SeeInvis +   Y - +0 hand axe
rCold   . . .      Faith    .   (no shield)
rNeg    . . .      Spirit   +   k - +0 plate armour
rPois   .          Reflect  .   (helmet restricted)
rElec   .          Harm     .   e - +0 cloak
rCorr   .          Rampage  .   (no gloves)
Will    .....                   (boots unavailable)
Stlth   ..........              f - amulet of guardian spirit
HPRegen 0.08/turn               a - ring of see invisible
MPRegen 0.11/turn               (no ring)

@: no status effects
A: beak, talons 3
a: no special abilities


You were on level 4 of the Dungeon.
You visited 1 branch of the dungeon, and saw 4 of its levels.

You collected 127 gold pieces.


Innate Abilities, Weirdness & Mutations

You have a beak for a mouth.
You have claws for feet.


   Skills:
 - Level 2.0 Fighting
 + Level 4.9 Axes
 - Level 1.0 Throwing
 - Level 2.0 Armour
 - Level 2.1 Dodging
 - Level 2.0 Spellcasting
 - Level 2.4 Translocations


You had 7 spell levels left.
You didn't know any spells.
Your spell library contained the following spells:

 Spells                   Type           Power      Damage    Failure   Level
 Blink                    Tloc           14%        N/A       100%        2
 Gell's Gravitas          Tloc           7%         N/A       100%        3
 Lesser Beckoning         Tloc           7%         N/A       100%        3
 Teleport Other           Tloc           7%         N/A       100%        3
 Manifold Assault         Tloc           7%         N/A       100%        5

Inventory:

Hand Weapons
 b - a +0 whip
 Y - a +0 hand axe (weapon)
Armour
 e - a +0 cloak (worn)
 k - a +0 plate armour (worn)
Jewellery
 a - a ring of see invisible (left hand)
 f - an amulet of guardian spirit (around neck)
Scrolls
 d - 2 scrolls of identify
Potions
 c - a potion of curing
 g - a potion of heal wounds
 h - a potion of mutation
 l - a potion of might

Dungeon Overview and Level Annotations

Branches:
Dungeon (4/15)
 Temple: D:4-7

Altars:
Makhleb
Sif Muna


Message History

Existing waypoints: (1) D:2 (2) D:3 Assign waypoint to what number? (0-9, D - delete waypoint) Waypoint 1 re-assigned from D:2 to D:4.
Enter note: An orc comes into view. It is wielding a +0 vorpal mace.
3444 ||| Stepping ~*~*~tactically~*~*~ (stealth).
3447 ||| Stepping ~*~*~tactically~*~*~ (stealth).
You barely miss the goblin. Your peck misses the goblin.
The goblin hits you but does no damage.
You completely miss the goblin.
The orc shouts!
Your kick misses the goblin. The goblin hits you with a +0 dagger.
You hit the goblin. Your kick misses the goblin.
The goblin is heavily wounded.
The goblin hits you but does no damage.
You closely miss the goblin. You peck the goblin.
You kill the goblin!
You hit the ogre.
The ogre is lightly wounded.
The ogre hits you with a +0 giant club!
You hit the ogre.
The ogre is lightly wounded.
You hit the ogre but do no damage. Your kick misses the ogre.
The ogre is lightly wounded.
The ogre hits you with a +0 giant club!
You hit the ogre. You claw the ogre. Your peck misses the ogre.
The ogre is lightly wounded.
The ogre completely misses you.
You hit the ogre. You claw the ogre, but do no damage.
The ogre is moderately wounded.
The ogre barely misses you.
You hit the ogre but do no damage. You claw the ogre.
The ogre is moderately wounded.
You hit the ogre but do no damage. You claw the ogre. You peck the ogre.
The ogre is heavily wounded.
The ogre hits you with a +0 giant club!!
Ouch! That really hurt!
You die...

###### #@...#
#O##.####
#o.......
...............
o..............
......<...#####
#..........
#.#o........ #
##...#...##


You could see an ogre and an orc.

Vanquished Creatures
  2 adders
  A worm (D:3)
  2 dart slugs
  3 bats
  4 endoplasms
  8 giant cockroaches
  3 goblins
  5 hobgoblins
  15 jackals
  5 quokkas
  3 ball pythons
  2 frilled lizards (D:2)
  3 kobolds
  9 rats
65 creatures vanquished.

Vanquished Creatures (others)
  10 plants (D:3)
10 creatures vanquished.

Grand Total: 75 creatures vanquished

Notes
Turn   | Place    | Note
-------+----------+-------------------------------------------
     0 | D:1      | qw the Tengu Warper began the quest for the Orb.
     0 | D:1      | Reached XP level 1. HP: 12/12 MP: 4/4
     0 | D:1      | 0 ||| qw: Version: 0.1-a-89-g26bdef1
     0 | D:1      | 0 ||| qw: Game counter: 384
     0 | D:1      | 0 ||| qw: Always use a shield: true
     0 | D:1      | 0 ||| qw: God list: Okawaru
     0 | D:1      | 0 ||| qw: Allow faded altars: false
     0 | D:1      | 0 ||| qw: Do Orc after D:15 true
     0 | D:1      | 0 ||| qw: Do second Lair branch before Depths: true
     0 | D:1      | 0 ||| qw: Lair rune preference: random
     0 | D:1      | 0 ||| qw: Plans: Normal
     0 | D:1      | 0 ||| PLANNING D:1-11
   236 | D:1      | Reached skill level 3 in Axes
   236 | D:1      | Reached XP level 2. HP: 16/17 MP: 6/6
   595 | D:1      | Reached XP level 3. HP: 21/21 MP: 7/7
   609 | D:1      | 609 ||| Stepping ~*~*~tactically~*~*~ (hiding).
   610 | D:1      | 610 ||| Stepping ~*~*~tactically~*~*~ (hiding).
   978 | D:1      | 978 ||| UPGRADING to +0 plate armour.
   988 | D:1      | 988 ||| DROPPING +0 leather armour.
   989 | D:1      | 989 ||| UPGRADING to amulet of guardian spirit.
   994 | D:1      | 994 ||| READING scroll labelled TUAXTO YTOFIY.
   995 | D:1      | 995 ||| READING scroll labelled AVOTHR WULEAMOR.
   996 | D:1      | 996 ||| READING scroll labelled RIUREG YSIM.
   999 | D:1      | 999 ||| READING scroll labelled TYGIL KUIMM.
  1000 | D:1      | 1000 ||| READING scroll labelled POSTUNKI HIUR.
  1001 | D:1      | 1001 ||| DRINKING 2 coppery potions.
  1002 | D:1      | 1002 ||| DRINKING 2 clear potions.
  1003 | D:1      | 1003 ||| DROPPING scroll of blinking.
  1123 | D:2      | Reached skill level 4 in Axes
  1341 | D:2      | Found a faded altar of an unknown god.
  1501 | D:2      | 1501 ||| Stepping ~*~*~tactically~*~*~ (stealth).
  1504 | D:2      | Reached XP level 4. HP: 26/26 MP: 8/8
  1907 | D:2      | 1907 ||| UPGRADING to +0 cloak.
  1912 | D:2      | 1912 ||| READING scroll labelled ISKUNGANESH.
  1913 | D:2      | 1913 ||| READING scroll labelled BUESTRE FUIF.
  1914 | D:2      | 1914 ||| DRINKING 2 dark potions.
  1915 | D:2      | 1915 ||| READING scroll of teleportation.
  1985 | D:3      | 1985 ||| DROPPING +0 club.
  1990 | D:3      | 1990 ||| Stepping ~*~*~tactically~*~*~ (stealth).
  1993 | D:3      | 1993 ||| Stepping ~*~*~tactically~*~*~ (stealth).
  1994 | D:3      | 1994 ||| Stepping ~*~*~tactically~*~*~ (stealth).
  2348 | D:3      | 2348 ||| Stepping ~*~*~tactically~*~*~ (stealth).
  2352 | D:3      | 2352 ||| FLEEEEING.
  2355 | D:3      | 2355 ||| STAIRDANCE
  2391 | D:2      | 2391 ||| UPGRADING to ring of see invisible.
  2392 | D:2      | 2392 ||| READING scroll labelled DAYRAEL UBBU.
  2393 | D:2      | 2393 ||| READING 2 scrolls of identify.
  2393 | D:2      | 2393 ||| IDENTIFYING fuming golden potion
  2430 | D:3      | Found a burning altar of Makhleb.
  2443 | D:3      | Found a shimmering blue altar of Sif Muna.
  2453 | D:3      | Identified the +1 robe of Thoughtfulness {*Slow rElec rN++
                  | Will+ SInv}
  2728 | D:3      | 2728 ||| Stepping ~*~*~tactically~*~*~ (stealth).
  3202 | D:3      | 3202 ||| DRINKING 2 fizzy green potions.
  3307 | D:3      | 3307 ||| DRINKING 2 murky emerald potions.
  3408 | D:3      | 3408 ||| DROPPING potion of berserk rage.
  3409 | D:3      | 3409 ||| DROPPING potion of ambrosia.
  3441 | D:4      | Noticed an ogre
  3444 | D:4      | 3444 ||| Stepping ~*~*~tactically~*~*~ (stealth).
  3447 | D:4      | 3447 ||| Stepping ~*~*~tactically~*~*~ (stealth).
  3458 | D:4      | Demolished by an ogre

Levels and vault maps discovered:
D:1:      dpeg_arrival_chambers_temple_mockup, layout_loops_ring,
          minmay_tree_intersection, minmay_misc_feat_more_columns,
          nrook_mini_backslash, minmay_worlds_worst_comb
D:2:      layout_basic, shapermc_ecumenical_altar_rom_forum
D:3:      layout_basic, mainiacjoe_overflow_catch_the_wave,
          minmay_misc_feat_tiny, dk_noncrumbling_4
D:4:      layout_basic

Skill      XL: |  1  2  3 |
---------------+----------+-----
Axes           | 3 4 |  4.9
Armour         | 2 |  2.0
Fighting       | |  2.0
Throwing       | |  1.0
Dodging        | |  2.1
Spellcasting   | |  2.0
Translocations | |  2.4

Action                   |  1- 3 |  4- 6 || total
-------------------------+-------+-------++-------
Melee: Hand axe          |    85 |    69 ||   154
       Kick              |    18 |    22 ||    40
       Peck              |     8 |    10 ||    18
       Punch             |     1 |       ||     1
Throw: Boomerang         |     7 |       ||     7
  Use: Scroll            |     5 |     5 ||    10
       Potion            |     2 |     3 ||     5
Armor: Leather armour    |    11 |       ||    11
       Plate armour      |    19 |    39 ||    58
Dodge: Dodged            |    25 |    13 ||    38

Table legend:
 A = Non-vault XP
 B = Vault XP
 C = Vault XP percentage of total XP
 D = Non-vault monster count
 E = Vault monster count
 F = Vault count percentage of total count
                 A         B        C        D         E       F
            +---------+---------+-------+---------+---------+-------
      Total |     137 |       8 |   5.5 |      61 |       4 |   6.2
            +---------+---------+-------+---------+---------+-------
        D:1 |      33 |       8 |  19.5 |      18 |       4 |  18.2
        D:2 |      48 |       0 |   0.0 |      22 |       0 |   0.0
        D:3 |      54 |       0 |   0.0 |      20 |       0 |   0.0
        D:4 |       2 |       0 |   0.0 |       1 |       0 |   0.0
            +---------+---------+-------+---------+---------+-------
